 Dungeon Crawl Stone Soup version 0.22-a0-181-gb22368a (webtiles) character file.

77 Amnesiac the Digger (level 4, 0/30 HPs)
             Began as a Mummy Earth Elementalist on Feb 14, 2018.
             Slain by a scorpion (9 damage)
             ... on level 3 of the Dungeon.
             The game lasted 00:04:10 (1286 turns).

Amnesiac the Digger (Mummy Earth Elementalist)      Turns: 1286, Time: 00:04:10

Health: 0/30       AC:  4    Str: 11    XL:     4   Next: 14%
Magic:  3/18       EV: 11    Int: 15    God:
Gold:   94         SH:  0    Dex: 12    Spells: 9/10 levels left

rFire    x . .     SeeInvis .   (no weapon)
rCold    + . .     Gourm    .   (no shield)
rNeg     + + +     Faith    .   i - +0 leather armour
rPois    ∞         Spirit   .   f - +0 helmet
rElec    .         Reflect  .   (no cloak)
rCorr    .         Harm     .   (no gloves)
MR       .....                  (no boots)
Stlth    +.........             (no amulet)
HPRegen  0.10/turn              c - ring of magical power
MPRegen  0.16/turn              (no ring)

@: no status effects
A: no food or potions, fire vulnerability, cold resistance 1, negative energy
resistance 3, torment resistance, unbreathing
a: no special abilities


You were on level 3 of the Dungeon.
You were not hungry.

You visited 1 branch of the dungeon, and saw 4 of its levels.

You collected 94 gold pieces.

Inventory:

Missiles
 a - 7 sling bullets
 b - 25 stones (quivered)
Armour
 f - a +0 helmet (worn)
 i - a +0 leather armour (worn)
Jewellery
 c - a ring of magical power (left hand)
Scrolls
 e - 2 scrolls of identify {!r, unknown}
 g - a scroll of teleportation {!r, unknown}
 h - 3 scrolls of remove curse {!r, unknown}
 j - a scroll of random uselessness {!r, unknown}
 k - a scroll of enchant weapon {!r, unknown}
Books
 d - a book of Geomancy

   Spells                             Type                      Level
   a - Sandblast                      Earth                        1
   b - Passwall                       Transmutation/Earth          2
   c - Stone Arrow                    Conjuration/Earth            3
   d - Petrify                        Transmutation/Earth          4
   e - Lee's Rapid Deconstruction     Earth                        5


   Skills:
 - Level 1.5 Dodging
 - Level 1.5 Stealth
 + Level 3.7 Spellcasting
   Level 0.7 Transmutations
 * Level 3.7 Earth Magic


You had 9 spell levels left.
You knew the following spells:

 Your Spells              Type           Power        Failure   Level  Hunger
a - Sandblast             Erth           ##....       5%          1    N/A

Dungeon Overview and Level Annotations

Branches:
Dungeon (4/15)
 Temple: D:4-7

Altars:

Annotations:
D:1 Ijyb


Innate Abilities, Weirdness & Mutations

You do not eat or drink.
Your flesh is vulnerable to fire.
You are immune to poison.
Your flesh is cold resistant. (rC+)
You are immune to negative energy. (rN+++)
You are immune to unholy pain and torment.
You can survive without breathing.


Message History

Confirm with . or Enter, or press ? or * to list all spells.
Aiming: Sandblast (safe; 5% risk of failure)
Press: ? - help, Shift-Dir - straight line, f/p - scorpion
Aim: a scorpion (lightly wounded)
The blast of sand hits the scorpion.
The scorpion is lightly wounded.
b - 31 stones The scorpion closely misses you.
Casting: Sandblast (safe; 5% risk of failure)
Confirm with . or Enter, or press ? or * to list all spells.
Aiming: Sandblast (safe; 5% risk of failure)
Press: ? - help, Shift-Dir - straight line, f/p - scorpion
Aim: a scorpion (lightly wounded)
The blast of sand hits the scorpion.
The scorpion is lightly wounded.
b - 30 stones The scorpion misses you.
Casting: Sandblast (safe; 5% risk of failure)
Confirm with . or Enter, or press ? or * to list all spells.
Aiming: Sandblast (safe; 5% risk of failure)
Press: ? - help, Shift-Dir - straight line, f/p - scorpion
Aim: a scorpion (lightly wounded)
The blast of sand hits the scorpion.
The scorpion is lightly wounded.
b - 29 stones The scorpion closely misses you.
Casting: Sandblast (safe; 5% risk of failure)
Confirm with . or Enter, or press ? or * to list all spells.
Aiming: Sandblast (safe; 5% risk of failure)
Press: ? - help, Shift-Dir - straight line, f/p - scorpion
Aim: a scorpion (lightly wounded)
The blast of sand misses the scorpion.
b - 28 stones The scorpion barely misses you.
Casting: Sandblast (safe; 5% risk of failure)
Confirm with . or Enter, or press ? or * to list all spells.
Aiming: Sandblast (safe; 5% risk of failure)
Press: ? - help, Shift-Dir - straight line, f/p - scorpion
Aim: a scorpion (lightly wounded)
The blast of sand hits the scorpion.
The scorpion is moderately wounded.
b - 27 stones The scorpion stings you.
* * * LOW HITPOINT WARNING * * *
Casting: Sandblast (safe; 5% risk of failure)
Confirm with . or Enter, or press ? or * to list all spells.
Aiming: Sandblast (safe; 5% risk of failure)
Press: ? - help, Shift-Dir - straight line, f/p - scorpion
Aim: a scorpion (moderately wounded)
The blast of sand hits the scorpion.
The scorpion is moderately wounded.
b - 26 stones The scorpion stings you!
* * * LOW HITPOINT WARNING * * *
Casting: Sandblast (safe; 5% risk of failure)
Confirm with . or Enter, or press ? or * to list all spells.
Aiming: Sandblast (safe; 5% risk of failure)
Press: ? - help, Shift-Dir - straight line, f/p - scorpion
Aim: a scorpion (moderately wounded)
The blast of sand hits the scorpion.
The scorpion is heavily wounded.
b - 25 stones The scorpion stings you!
You die...

#...........#
#####.#########.#
#......####...#.#
#.###..##<..#.#.# #.#
#..######.#.# #.#
#.........#.#.# ##
#.####.########†#.#....#
#†...†.########.#.#.##.#
#####...@s...##.#.#.##.##
#.#####...>......!...
#.##..........#..#.##
..##............#...#
####.##.###.#........
......# #.###.##.#.
###..### #.# #.##.#. ...
..# #..#.#. .#
#######.#.#.


You could see a scorpion.

Vanquished Creatures
  Robin (D:2)
  2 adders (D:3)
  An ooze (D:4)
  A leopard gecko (D:3)
  An orc (D:3)
  4 giant cockroaches
  12 goblins
  7 hobgoblins
  4 jackals
  2 kobolds (D:3)
  A rat (D:2)
36 creatures vanquished.

Notes
Turn   | Place    | Note
-------+----------+-------------------------------------------
     0 | D:1      | Amnesiac the Mummy Earth Elementalist began the quest for the Orb.
     0 | D:1      | Reached XP level 1. HP: 13/13 MP: 4/4
   173 | D:2      | Reached XP level 2. HP: 18/19 MP: 3/5
   279 | D:2      | Noticed Robin
   481 | D:2      | Killed Robin
   481 | D:2      | Reached XP level 3. HP: 11/24 MP: 1/7
   827 | D:3      | Noticed Ijyb
  1210 | D:3      | Reached XP level 4. HP: 25/30 MP: 9/9
  1286 | D:3      | Slain by a scorpion

Vault maps used:
D:1:      minmay_arrival_cross, minmay_octomino_c4
D:2:      kennysheep_small_spiral, uniq_robin
D:3:      kennysheep_the_goblin_king, elyvilon_altar_3,
          chequers_ecumenical_altar_twisty, first_ration
D:4:      gup_ossuary_entry_pyramid, nicolae_zen_rock_garden

Skill      XL: |  1  2 |
---------------+-------+-----
Spellcasting   | 3 |  3.7
Earth Magic    | 3 |  3.7
Dodging        | |  1.5
Stealth        | |  1.5
Transmutations | |  0.7

Action                   |  1- 3 |  4- 6 || total
-------------------------+-------+-------++-------
 Cast: Sandblast         |    69 |    20 ||    89
Armor: Robe              |     3 |       ||     3
       Leather armour    |     4 |     2 ||     6
Dodge: Dodged            |    25 |     8 ||    33

Table legend:
 A = Spawn XP
 B = Non-spawn XP
 C = Spawn XP percentage of total XP
 D = Spawn monster count
 E = Non-spawn monster count
 F = Spawn count percentage of total count
 G = Total turns spent on level
                    A         B        C        D         E        F      G
               +---------+---------+-------+---------+---------+-------+---------
         Total |       0 |     111 |   0.0 |       0 |      36 |   0.0 |  1286
               +---------+---------+-------+---------+---------+-------+---------
           D:1 |       0 |      12 |   0.0 |       0 |       7 |   0.0 |   332
           D:2 |       0 |      39 |   0.0 |       0 |      14 |   0.0 |   688
           D:3 |       0 |      53 |   0.0 |       0 |      14 |   0.0 |   261
           D:4 |       0 |       7 |   0.0 |       0 |       1 |   0.0 |     5
               +---------+---------+-------+---------+---------+-------+---------
